 Dungeon Sprint DCSS version 0.25.1-8-g42b30a86e7 (webtiles) character file.

Game seed: 1350349845911449823

1005 jbtxwes the Fencer (level 8, 0/73 HPs)
             Began as a Minotaur Fighter on Dec 18, 2020.
             Slain by a red draconian
             ... wielding a +0 vorpal war axe
              (2 damage)
             ... in the Dungeon (Sprint V: "Ziggurat Sprint").
             The game lasted 00:05:00 (310 turns).

jbtxwes the Fencer (Minotaur Fighter)                Turns: 310, Time: 00:05:01

Health: 0/73       AC: 24    Str: 30    XL:     8   Next: 0%
Magic:  7/7        EV: -1    Int:  5    God:
Gold:   0          SH: 28    Dex: 15    Spells: 7/7 levels left

rFire    + . .     SeeInvis .   G - +8 lance "Wyrmbane" {slay drac, rPois rF+ rC+ AC+3}
rCold    + . .     Gourm    .   H - +18 shield of the Gong {rElec rN+ MR+ EV-5}
rNeg     + . .     Faith    .   I - +5 crystal plate armour
rPois    +         Spirit   .   (helmet restricted)
rElec    +         Reflect  .   (no cloak)
rCorr    .         Harm     .   (no gloves)
MR       +....     NoTele   +   (no boots)
Stlth    ..........             (no amulet)
HPRegen  0.22/turn              A - +6 ring of strength
MPRegen  0.10/turn              w - +6 ring of dexterity

@: no status effects
A: retaliatory headbutt, horns 2
a: no special abilities


You were in the Dungeon.
You were not hungry.

You visited 1 branch

Inventory:

Hand Weapons
 a - a +5 shortbow
 F - the +7 Singing Sword {vorpal, sonic wave}
   (You found it in the Dungeon)

   It inflicts extra damage upon your enemies.
 G - the +8 lance "Wyrmbane" (weapon) {slay drac, rPois rF+ rC+ AC+3}
   (You found it in the Dungeon)

   It affects your AC (+3).
   It protects you from fire.
   It protects you from cold.
   It protects you from poison.
Missiles
 b - 1000 arrows (quivered)
Armour
 H - the +18 shield of the Gong (worn) {rElec rN+ MR+ EV-5}
   (You found it in the Dungeon)

   It affects your evasion (-5).
   It insulates you from electricity.
   It protects you from negative energy.
   It affects your resistance to hostile enchantments.
 I - a +5 crystal plate armour (worn)
 J - +5 gold dragon scales
Jewellery
 n - a +6 ring of strength
 v - an uncursed ring of flight
 w - a +6 ring of dexterity (right hand)
 y - an uncursed ring of poison resistance
 z - a +6 ring of intelligence
 A - a +6 ring of strength (left hand)
 B - a +6 ring of strength
 K - an uncursed ring of protection from cold
 L - an uncursed ring of positive energy
 M - an uncursed ring of protection from magic
Wands
 C - a wand of disintegration (7)
 D - a wand of iceblast (7)
 E - a wand of acid (7)
Scrolls
 j - 4 scrolls of blinking
 p - 4 scrolls of amnesia
 q - 7 scrolls of fog
 r - a scroll of holy word
 s - 5 scrolls of identify
 t - 5 scrolls of remove curse
 u - 2 scrolls of fear
Potions
 c - 6 potions of might
 e - 10 potions of curing
 f - 10 potions of heal wounds
 g - 6 potions of haste
 h - 7 potions of magic
 i - 3 potions of berserk rage
 k - 2 potions of brilliance
 l - 2 potions of invisibility
 m - 4 potions of resistance
 o - 5 potions of stabbing
Miscellaneous
 x - a box of beasts
Comestibles
 d - 7 rations


   Skills:
 - Level 7.2 Fighting
 + Level 18.3 Long Blades
 - Level 3.6 Armour
 - Level 3.6 Shields
 - Level 2.1 Unarmed Combat


You had 7 spell levels left.
You didn't know any spells.
Your spell library was empty.

Dungeon Overview and Level Annotations

Branches:
Dungeon (1/1)

Altars:
Ashenzari
Cheibriados
Dithmenos
Elyvilon
Fedhas
Gozag
Hepliaklqana
Kikubaaqudgha
Makhleb
Nemelex Xobeh
Okawaru
Qazlal
Ru
Sif Muna
Trog
Uskayaw
Vehumet
Wu Jian
Xom
Yredelemnul
Zin
The Shining One
Beogh
Jiyva
Lugonu


Innate Abilities, Weirdness & Mutations

You reflexively headbutt those who attack you in melee.
You have a pair of horns on your head.


Message History

The red draconian is severely wounded.
You block the draconian's attack.
BOUMMMMG!
You block the red draconian's attack.
PANG!
Your crystal plate armour prevents you from hitting the red draconian.
The red draconian is heavily wounded.
You block the draconian's attack.
SHROANNG!
The red draconian breathes flames at you.
The searing blast hits you!! You resist.
* * * LOW HITPOINT WARNING * * *
You puncture the red draconian!
The red draconian convulses.
You headbutt the red draconian.
The red draconian is severely wounded.
You are engulfed in blazing flames.
You resist.
* * * LOW HITPOINT WARNING * * *
The red draconian hits you with a +0 vorpal war axe!
* * * LOW HITPOINT WARNING * * *
You die...

▓...}...▓
▓..=:)..▓
▓.......▓
▓.......▓
▓.......▓
▓dd.....▓
▓d▓d..▓.▓
▓@dd©...▓
▓▓▓▓▓▓▓▓▓


You could see a red draconian (catching breath) and 5 draconians.

Vanquished Creatures
  A spriggan (D)
  A neqoxec (D)
  A floating eye (D)
  A black bear (D)
  A necrophage (D)
  3 phantoms (D)
  A wolf (D)
  A quasit (D)
  A jelly (D)
  An adder (D)
  A shadow imp (D)
  A white imp (D)
  An ufetubus (D)
  3 ball pythons (D)
18 creatures vanquished.

Notes
Turn   | Place    | Note
-------+----------+-------------------------------------------
     0 | D        | jbtxwes the Minotaur Fighter began the quest for the Orb.
     0 | D        | Reached XP level 1. HP: 19/19 MP: 0/0
     0 | D        | Found a shimmering blue altar of Sif Muna.
     0 | D        | Found a sacrificial altar of Ru.
     0 | D        | Found a bloodstained altar of Trog.
     0 | D        | Found a stormy altar of Qazlal.
     0 | D        | Found an iron altar of Okawaru.
     0 | D        | Found a sparkling altar of Nemelex Xobeh.
     0 | D        | Found a blossoming altar of Fedhas.
     1 | D        | Found the +6 Majin-Bo {vamp, Archmagi MP+6 Int+6}
     1 | D        | Found the +7 great mace "Firestarter" {inner flame, rF++}
     2 | D        | Found a transporter.
     2 | D        | Found an ancient bone altar of Kikubaaqudgha.
     2 | D        | Found a viscous altar of Jiyva.
     2 | D        | Found a corrupted altar of Lugonu.
     2 | D        | Found a hazy altar of Hepliaklqana.
     2 | D        | Found a burning altar of Makhleb.
     2 | D        | Found an opulent altar of Gozag.
    20 | D        | Found the +6 shillelagh "Devastator" {shatter}
    20 | D        | Found the +11 plutonium sword {*Contam Stlth-}
    20 | D        | Found the +8 lance "Wyrmbane" {slay drac, rPois rF+ rC+
                  | AC+3}
    20 | D        | Found the +9 sword of Zonguldrok {reap}
    20 | D        | Found the cursed +13 scythe of Curses {drain, *Curse}
    20 | D        | Found the +0 sword of Power
    20 | D        | Found the +7 mace of Variability {chain chaos}
    20 | D        | Found the +7 Singing Sword {vorpal, sonic wave}
    20 | D        | Found the +8 storm bow {elec, penet}
    22 | D        | Found the +9 heavy crossbow "Sniper" {vorpal, Acc+∞ SInv}
    22 | D        | Found the +10 dark maul {vorpal}
    22 | D        | Found the +15 Maxwell's patent armour {-Cast -Tele rElec
                  | MR+ rCorr}
    22 | D        | Found the +18 shield of the Gong {rElec rN+ MR+ EV-5}
    22 | D        | Found the cursed +14 obsidian axe {vorpal, +Fly SInv
                  | *Curse}
    63 | D        | Reached skill level 6 in Long Blades
    63 | D        | Reached XP level 2. HP: 34/34 MP: 1/1
   184 | D        | Entered arena 2.
   184 | D        | Noticed a floating eye
   184 | D        | Found a transporter.
   186 | D        | Reached skill level 7 in Long Blades
   186 | D        | Reached XP level 3. HP: 39/39 MP: 2/2
   186 | D        | Killed a floating eye
   186 | D        | Reached skill level 11 in Long Blades
   186 | D        | Reached XP level 4. HP: 47/47 MP: 3/3
   186 | D        | Reached XP level 5. HP: 52/52 MP: 4/4
   195 | D        | Entered arena 3.
   195 | D        | Noticed a wolf
   195 | D        | Noticed a spriggan
   195 | D        | Noticed a black bear
   195 | D        | Found a transporter.
   198 | D        | Killed a spriggan
   198 | D        | Reached skill level 14 in Long Blades
   198 | D        | Reached XP level 6. HP: 60/60 MP: 5/5
   198 | D        | Reached skill level 15 in Long Blades
   212 | D        | Entered arena 4.
   212 | D        | Found a transporter.
   232 | D        | Entered arena 5.
   232 | D        | Found a transporter.
   235 | D        | Reached skill level 16 in Long Blades
   235 | D        | Reached XP level 7. HP: 66/66 MP: 6/6
   240 | D        | Reached skill level 17 in Long Blades
   255 | D        | Entered arena 6.
   255 | D        | Noticed a neqoxec
   255 | D        | Found a transporter.
   259 | D        | Killed a neqoxec
   259 | D        | Reached skill level 18 in Long Blades
   259 | D        | Reached XP level 8. HP: 68/73 MP: 7/7
   291 | D        | Entered arena 7.
   291 | D        | Noticed a draconian
   291 | D        | Noticed a draconian
   291 | D        | Noticed a draconian
   291 | D        | Noticed a red draconian
   291 | D        | Noticed a draconian
   291 | D        | Noticed a draconian
   310 | D        | HP: 2/73 [red draconian/+0 vorpal war axe (10)]
   310 | D        | Slain by a red draconian

Illustrated notes

Levels and vault maps discovered:
D:        sprint_v [room_start, room_1, room_2, room_3, room_4, room_5, room_6,
          room_7, room_8, room_9, room_10, room_11, room_12, room_13, room_14,
          room_15, room_16, room_17, room_18, room_19, room_20, room_21,
          room_22, room_23, room_24, room_25, room_26, room_27]

Skill      XL: |  1  2  3  4  5  6  7 |
---------------+----------------------+-----
Fighting       | 7 |  7.2
Long Blades    | 6 7 11 14 16 18 | 18.3
Armour         | |  3.6
Shields        | |  3.6
Unarmed Combat | |  2.1

Action                   |  1- 3 |  4- 6 |  7- 9 || total
-------------------------+-------+-------+-------++-------
Melee: Double sword      |     1 |     8 |    12 ||    21
       Headbutt          |       |     1 |     8 ||     9
       Lance             |       |       |    15 ||    15
  Use: Potion            |     1 |       |       ||     1
Armor: Crystal plate arm |       |       |     2 ||     2
Dodge: Dodged            |       |     1 |       ||     1
Block: Kite shield       |       |     9 |    23 ||    32
